 Dungeon Crawl Stone Soup version 0.19.1 (webtiles) character file.

65 NoWolfie the Ducker (level 4, 0/33 HPs)
             Began as a Human Wanderer on Nov 28, 2016.
             Slain by an orc
             ... wielding a +0 club
              (1 damage)
             ... on level 4 of the Dungeon.
             The game lasted 00:09:21 (1189 turns).

NoWolfie the Ducker (Human Wanderer)                Turns: 1189, Time: 00:09:22

Health: 0/33       AC: -7    Str: 10    XL:     4   Next: 34%
Magic:  4/4        EV: 15    Int: 11    God:
Gold:   51         SH:  0    Dex: 17    Spells: 0 memorised, 3 levels left

rFire  . . .     SeeInvis .     b - +0 short sword
rCold  . . .     Gourm    .     q - +1 robe {Archmagi}
rNeg   . . .     Faith    .     (no shield)
rPois  .         Spirit   .     (no helmet)
rElec  .         Reflect  .     (no cloak)
rCorr  .         Harm     .     (no gloves)
MR     .....                    i - +1 pair of boots
Stlth  ++........               (no amulet)
                                (no ring)
                                (no ring)

@: corroded
A: no striking features
a: no special abilities


You were on level 4 of the Dungeon.
You were not hungry.

You visited 1 branch of the dungeon, and saw 5 of its levels.

You collected 51 gold pieces.

Inventory:

Hand Weapons
 b - a +0 short sword (weapon)
 n - a +3 trident of venom
Missiles
 f - 25 arrows
 h - 8 bolts
Armour
 a - a +2 leather armour
 i - a +1 pair of boots (worn)
 q - a +1 robe of the Archmagi (worn)
Scrolls
 c - a scroll of teleportation
 e - a scroll of random uselessness {unknown}
 g - a scroll of enchant armour {unknown}
 l - a scroll of identify {unknown}
Potions
 j - a potion of ambrosia {unknown}
 m - a potion of berserk rage {unknown}
 o - 4 potions of curing {unknown}
 p - a potion of cancellation {unknown}
Comestibles
 d - 2 bread rations


   Skills:
 + Level 1.8 Fighting
 + Level 2.7 Short Blades
 + Level 4.4 Dodging
 * Level 2.3 Stealth
   Level 2.0 Shields


You had 3 spell levels left.
You didn't know any spells.

Dungeon Overview and Level Annotations

Branches:
Dungeon (5/15)
 Temple: D:4-7

Altars:


Message History

* * * LOW HITPOINT WARNING * * *
The jelly is lightly wounded.
The jelly misses you.
You see here a leopard gecko corpse.
There is an open door here.
There is a stone staircase leading up, spattered with blood here.
Unknown command.
You climb upwards.
The orc closely misses you. The orc hits you with a club.
* * * LOW HITPOINT WARNING * * *
The orc hits you with a club.
* * * LOW HITPOINT WARNING * * *
There is a stone staircase leading down here.
You hit the orc but do no damage. The leopard gecko bites you.
* * * LOW HITPOINT WARNING * * *
The orc closely misses you. The leopard gecko misses you.
As you read the scroll labeled WAGASO ZEINUPT, it crumbles to dust.
It is a scroll of recharging.
You aren't carrying any rechargeable items.
The orc barely misses you. The orc hits you with a club.
You die...

*,,,,,,,,,,,,,,,,,,,,,,,,,,,,,,,
**,,*****,,,,,,,,..**#..,,,,,,,,,
,,,,,,,,*,,,,,**,.,,,...,,,,,,,,,
,,*****,,,,,*,*##.,,?..,,,,,,,,,,
*** ****,,,,,...,...,,,,,**,*** *
**,*#,*#.##.#,***,,,,,*** *
**,,##.##....*,,,,,,,,,,,, **
*,,,#..#o.o#*,,**,,,,,,,,, ,***
*,,,#....@###.#**,,..,,,,,
,,,*****,.##..#..l...# **#..*****
,,,,,,,,,........########..###**
,,,,,,,,,.#...................,*
,,,.,*,,,..................$..,*
,,,....,,##..................,,*
,,,....,,$..................,,,*
,,,.....,##.o..#.....###.##*****
,,,......#...####........##


You could see an orc priest (wandering), 2 orcs and a leopard gecko.

Vanquished Creatures
  An orc wizard (D:5)
  An adder (D:2)
  A dart slug (D:5)
  2 leopard geckos
  4 bats
  2 giant cockroaches (D:1)
  2 goblins
  A hobgoblin (D:1)
  4 kobolds (D:1)
  A quokka (D:5)
  3 frilled lizards (D:1)
  6 rats
28 creatures vanquished.

Notes
Turn   | Place    | Note
-------+----------+-------------------------------------------
     0 | D:1      | NoWolfie the Human Wanderer began the quest for the Orb.
     0 | D:1      | NoWolfie set off with: a +2 leather armour, a +0 short sword, a scroll of teleportation, a bread ration
     0 | D:1      | Reached XP level 1. HP: 15/15 MP: 1/1
   297 | D:1      | Reached XP level 2. HP: 15/21 MP: 2/2
   626 | D:1      | Reached XP level 3. HP: 26/26 MP: 3/3
   924 | D:5      | Entered Level 5 of the Dungeon
   960 | D:5      | Reached XP level 4. HP: 14/33 MP: 4/4
  1188 | D:4      | HP: 1/33 [leopard gecko (3)]
  1189 | D:4      | Slain by an orc

Skill      XL: |  1  2  3 |
---------------+----------+-----
Stealth        | 2 |  2.3
Fighting       | |  1.8
Short Blades   | |  2.7
Dodging        | |  4.4
Shields        | |  2.0

Action                   |  1- 3 |  4- 6 || total
-------------------------+-------+-------++-------
Melee: Short sword       |   122 |     7 ||   129
  Use: Scroll            |     1 |     1 ||     2
 Stab: Sleeping          |     1 |       ||     1
  Eat: Bread ration      |       |     1 ||     1
Armor: Leather armour    |    54 |       ||    54
Dodge: Dodged            |   123 |     8 ||   131
